Map: [ESL] Gresvan

Players

Oliveira

  • Race: Terran Terran
  • Spawn Location: 5:00

RagnaroK (SHIN) - Winner!

  • Race: Zerg Zerg
  • Spawn Location: 11:00

Event: IEM Katowice 2023

VOD

Have the link to the VOD?

Description

Time

  • Played on: Feb. 11, 2023, 5:42 a.m.
  • Length: 20:59

All games in this series

Show
View Real Time Build Order
Export as new Build Order

Oliveira Terran 

Build Orders: Reaper Expand, Hellion Banshee, Mech 

Get SALT Encoding   

  12  0:00  SCV  
  13  0:12  SCV  
  14  0:17  Supply Depot  
  14  0:24  SCV  
  15  0:38  SCV  
  15  0:39  Barracks  
  16  0:43  Refinery  
  16  0:50  SCV  
  17  1:02  SCV  
  18  1:15  SCV  
  19  1:26  Reaper  
  19  1:27  Orbital Command  
  20  1:38  Command Center  
  20  1:46  Supply Depot  
  20  1:53  SCV  
  21  1:58  Marine  
  22  2:05  SCV  
  23  2:10  Factory  
  23  2:17  SCV  
  23  2:21  Barracks Reactor  
  24  2:29  SCV  
  25  2:39  Command Center  
  25  2:42  SCV  
  26  2:50  Orbital Command  
  26  2:54  SCV  
  27  3:00  Starport  
  27  3:04  Refinery  
  27  3:06  SCV  
  27  3:11  Barracks Tech Lab  
  28  3:16  SCV  
  28  3:18  SCV  
  28  3:19  Hellion  
  32  3:22  Hellion  
  34  3:28  SCV  
  34  3:30  SCV  
  36  3:40  SCV  
  37  3:42  SCV  
  37  3:43  Hellion  
  37  3:44  Banshee, Hellion  
  37  3:46  Marine  
  46  3:52  SCV  
  46  3:54  Orbital Command, SCV  
  48  3:57  Cloaking Field  
  48  4:03  Supply Depot  
  48  4:04  SCV  
  48  4:06  SCV  
  48  4:09  Hellion  
  52  4:11  Hellion  
  52  4:16  SCV  
  55  4:18  SCV  
  55  4:20  SCV  
  57  4:25  Supply Depot  
  57  4:27  Banshee  
  57  4:28  SCV  
  57  4:30  Refinery  
  57  4:31  Refinery  
  61  4:33  Hellion x2  
  61  4:38  Barracks Tech Lab  
  65  4:39  SCV  
  65  4:41  SCV  
  65  4:44  SCV  
  68  4:48  Supply Depot  
  68  4:51  SCV  
  69  4:53  SCV  
  69  4:55  Hellion x2  
  69  4:56  SCV  
  69  4:57  Hyperflight Rotors  
  69  4:59  Supply Depot  
  75  5:02  Factory  
  75  5:03  SCV  
  75  5:05  SCV  
  77  5:07  Barracks Tech Lab  
  77  5:10  Factory  
  77  5:14  Orbital Command  
  77  5:17  Banshee  
  77  5:20  Hellion x2  
  77  5:21  SCV  
  85  5:23  SCV  
  85  5:24  Supply Depot  
  86  5:29  Armory  
  86  5:33  SCV  
  86  5:35  SCV  
  88  5:40  Refinery  
  88  5:44  SCV  
  88  5:45  SCV  
  88  5:46  Hellion  
  88  5:47  Refinery  
  88  5:48  SCV  
  96  5:59  SCV x2  
  96  6:00  Banshee  
  96  6:01  Supply Depot  
  96  6:03  Supply Depot  
  101  6:18  SCV  
  99  6:21  Widow Mine  
  99  6:22  Engineering Bay  
  99  6:23  Thor, Widow Mine  
  99  6:24  Thor  
  99  6:25  SCV  
  116  6:27  SCV  
  116  6:28  Supply Depot  
  117  6:33  Terran Vehicle Weapons Level 1  
  117  6:43  SCV  
  117  6:44  SCV  
  117  6:45  SCV  
  116  6:52  Missile Turret  
  116  6:53  Missile Turret  
  116  6:54  Missile Turret  
  112  6:55  SCV  
  112  6:56  SCV, Widow Mine  
  112  6:58  SCV  
  117  7:03  Factory  
  117  7:04  Factory  
  117  7:08  SCV, Supply Depot  
  118  7:09  SCV  
  118  7:10  SCV  
  120  7:20  SCV  
  120  7:21  Command Center  
  120  7:24  Siege Tank  
  120  7:29  Siege Tank  
  126  7:34  Supply Depot  
  126  7:35  Supply Depot  
  126  7:36  SCV  
  127  7:47  Factory Tech Lab, Factory Reactor  
  127  7:51  Armory  
  127  7:52  Sensor Tower, Widow Mine  
  127  7:53  Widow Mine  
  127  7:55  SCV  
  127  7:56  SCV  
  120  8:06  Thor  
  120  8:08  Thor  
  120  8:09  Thor  
  120  8:10  SCV  
  120  8:11  SCV  
  120  8:12  SCV  
  137  8:16  Thor x2  
  131  8:21  Missile Turret  
  131  8:24  Hellion  
  133  8:29  Infernal Pre-Igniter  
  133  8:31  Hellion x2  
  131  8:36  Neosteel Armor  
  131  8:38  SCV  
  131  8:39  Widow Mine  
  134  8:41  Terran Vehicle And Ship Armor Level 1, Terran Vehicle Weapons Level 2  
  134  8:49  Factory  
  134  8:51  Factory  
  134  8:52  Missile Turret  
  136  8:55  Hellion  
  136  8:56  Factory, SCV, Hellion  
  136  9:02  Widow Mine x2  
  140  9:06  Thor  
  140  9:09  SCV, Missile Turret  
  147  9:13  Missile Turret  
  147  9:14  SCV  
  145  9:20  Thor  
  145  9:22  SCV  
  152  9:25  SCV  
  152  9:29  Missile Turret  
  152  9:30  Hellion  
  152  9:31  Planetary Fortress  
  155  9:33  Refinery  
  155  9:34  Supply Depot  
  155  9:35  Factory Tech Lab, Factory Reactor, Refinery  
  151  9:39  SCV x2  
  151  9:42  Medivac  
  155  9:50  Siege Tank  
  155  9:51  SCV  
  159  9:59  Command Center  
  157  10:01  Supply Depot x2  
  157  10:03  Siege Tank x2, Supply Depot  
  157  10:05  Factory Tech Lab  
  163  10:10  Siege Tank  
  163  10:11  Hellion x2  
  163  10:13  Missile Turret x2  
  170  10:15  Hellion  
  170  10:16  Supply Depot  
  172  10:22  SCV x2, Hellion  
  172  10:23  Supply Depot  
  172  10:26  Supply Depot  
  176  10:30  Thor  
  176  10:32  Hellion  
  184  10:36  Missile Turret  
  184  10:40  Missile Turret  
  184  10:41  Siege Tank  
  184  10:42  Siege Tank, Hellion x3  
  189  11:03  Barracks  
  189  11:04  Siege Tank x2  
  189  11:05  Ghost Academy, Barracks x2, Hellion  
  189  11:11  SCV x2  
  193  11:12  Sensor Tower  
  193  11:18  Terran Vehicle And Ship Armor Level 2, Missile Turret  
  193  11:21  Terran Vehicle Weapons Level 3  
  193  11:23  SCV, Missile Turret  
  184  11:35  Planetary Fortress  
  184  11:42  Siege Tank x2  
  184  11:44  Command Center  
  184  11:45  Hellion  
  184  11:46  SCV  
  193  11:48  SCV  
  193  11:49  Missile Turret  
  177  12:03  Siege Tank  
  177  12:05  SCV, Hellion x2  
  177  12:07  SCV x2  
  186  12:15  SCV  
  162  12:33  Hellion x2  
  145  12:39  Hellion x2  
  145  12:40  Thor x2  
  145  12:41  SCV  
  145  12:42  SCV x3  
  150  12:48  Barracks Tech Lab x4  
  147  12:52  Refinery  
  147  12:54  SCV x4  
  147  12:56  Factory Tech Lab, Planetary Fortress  
  151  13:00  Siege Tank  
  151  13:01  Hellion  
  156  13:06  SCV  
  156  13:09  Ghost x3  
  156  13:11  Ghost  
  166  13:12  SCV  
  166  13:17  Sensor Tower  
  166  13:18  SCV x2  
  158  13:27  Siege Tank  
  158  13:28  Hellion x2  
  158  13:30  SCV  
  158  13:31  SCV  
  158  13:34  Hellion  
  167  13:35  SCV  
  167  13:36  SCV x2  
  167  13:37  Ghost  
  172  13:45  Refinery  
  172  13:46  Command Center  
  172  13:49  Ghost x2  
  172  13:52  Personal Cloaking  
  176  13:56  Hi-Sec Auto Tracking  
  176  14:04  Terran Vehicle And Ship Armor Level 3  
  176  14:14  Command Center  
  176  14:15  Thor  
  182  14:22  Smart Servos  
  182  14:31  Sensor Tower  
  182  14:32  Missile Turret  
  182  14:37  Missile Turret  
  182  14:38  Engineering Bay, Missile Turret  
  182  14:42  Ghost x2  
  182  14:44  Thor  
  192  14:55  Terran Infantry Weapons Level 1  
  192  15:00  Siege Tank x2  
  198  15:13  Thor  
  196  15:18  Hellion x3  
  185  15:29  Thor  
  183  15:40  Thor  
  187  15:43  Hellion x3  
  187  15:45  Hellion  
  189  15:52  Thor  
  192  15:59  Command Center  
  192  16:02  Command Center  
  187  16:17  Refinery  
  185  16:19  Siege Tank, Thor  
  185  16:21  Hellion x2  
  185  16:22  Ghost x2  
  185  16:24  Refinery  
  197  16:31  Planetary Fortress  
  196  16:33  Sensor Tower, Refinery  
  196  16:34  Hellion x4  
  196  16:35  Refinery  
  193  16:46  Planetary Fortress  
  193  16:48  Hellion x3  
  193  16:50  Starport Reactor  
  193  16:51  Terran Infantry Weapons Level 2  
  193  16:52  Terran Infantry Armor Level 1  
  199  16:59  SCV  
  200  17:04  Hellion  
  200  17:20  SCV  
  200  17:21  Orbital Command x2  
  189  17:30  SCV  
  188  17:42  Missile Turret  
  188  17:44  Ghost x3  
  188  17:45  Command Center  
  188  17:46  Medivac x2  
  188  17:47  Refinery  
  198  18:12  Thor x2  
  164  18:16  Thor x2  
  133  18:21  Siege Tank  
  133  18:23  Ghost x2  
  133  18:25  Ghost  
  126  18:33  Hellion x3  
  122  18:43  Hellion x2  
  122  18:46  Hellion  
  116  18:53  Hellion  
  116  18:55  Thor, Hellion  
  126  19:04  Thor  
  126  19:06  Hellion  
  127  19:17  Siege Tank x2  
  127  19:20  Siege Tank  
  100  19:41  Hellion x2  
  87  19:46  Orbital Command  
  87  19:49  Hellion  
  88  19:54  SCV x2  
  90  20:01  SCV x2  
  90  20:05  Planetary Fortress  
  90  20:07  SCV  
  90  20:10  SCV  
  90  20:11  SCV  
  90  20:13  SCV x2  
  90  20:14  SCV  
  93  20:21  Siege Tank  
  93  20:24  SCV  
  93  20:25  SCV x2  
  102  20:29  SCV  
  102  20:30  SCV  
  107  20:40  SCV x2  
  112  20:44  Sensor Tower  
Show
View Real Time Build Order
Export as new Build Order

RagnaroK Zerg - Winner!

Build Orders: Hatch First 

Get SALT Encoding   

  12  0:00  Drone  
  13  0:12  Overlord  
  13  0:16  Drone  
  14  0:30  Drone x2  
  16  0:48  Hatchery  
  15  0:51  Drone  
  15  0:55  Drone  
  17  0:58  Drone  
  18  1:11  Extractor  
  17  1:14  Spawning Pool  
  17  1:16  Drone  
  17  1:19  Drone  
  18  1:28  Drone  
  19  1:38  Drone  
  20  1:49  Drone  
  21  2:00  Queen  
  21  2:01  Queen, Zergling x4  
  27  2:10  Overlord  
  27  2:12  Drone  
  28  2:24  Hatchery  
  28  2:25  Drone  
  28  2:29  Drone  
  29  2:34  Drone x2  
  31  2:40  Metabolic Boost  
  31  2:45  Queen  
  31  2:50  Overlord  
  33  2:53  Drone  
  33  2:55  Drone  
  33  2:57  Drone  
  36  3:09  Drone  
  36  3:10  Drone x4  
  36  3:11  Drone x2  
  43  3:13  Drone  
  43  3:17  Overlord  
  44  3:21  Overlord  
  44  3:34  Overlord  
  44  3:35  Queen  
  44  3:36  Queen  
  44  3:40  Drone x2  
  50  3:43  Drone  
  50  3:44  Drone  
  50  3:48  Queen  
  52  3:50  Drone  
  52  3:53  Drone x2  
  52  3:55  Drone x2  
  59  4:02  Drone x3  
  62  4:08  Overlord  
  62  4:09  Drone  
  63  4:10  Queen  
  63  4:14  Drone  
  63  4:15  Drone  
  63  4:16  Baneling Nest  
  66  4:17  Drone  
  66  4:19  Queen  
  66  4:24  Zergling x6  
  72  4:25  Zergling x2  
  72  4:30  Zergling x2  
  72  4:31  Drone  
  75  4:36  Overlord, Drone  
  76  4:41  Lair  
  76  4:42  Overlord x3  
  76  4:44  Extractor  
  75  4:46  Overlord  
  75  4:49  Overlord  
  75  4:53  Spore Crawler x3  
  75  4:55  Drone x4  
  75  4:57  Drone  
  75  4:58  Drone  
  78  5:00  Drone  
  78  5:04  Extractor  
  78  5:05  Extractor  
  77  5:07  Drone x2  
  77  5:09  Drone  
  77  5:13  Drone x3  
  82  5:15  Hatchery  
  82  5:18  Drone  
  82  5:20  Extractor  
  82  5:21  Zergling x4  
  83  5:22  Extractor, Drone x2  
  83  5:25  Drone  
  83  5:28  Drone x3  
  88  5:31  Drone  
  88  5:33  Zergling x4  
  91  5:38  Overseer  
  91  5:40  Drone  
  91  5:41  Spire  
  91  5:42  Drone x2  
  93  5:43  Drone x2  
  93  5:44  Drone  
  93  5:47  Queen  
  97  5:51  Drone  
  97  5:56  Drone x3  
  96  5:59  Zergling x10  
  96  6:00  Queen  
  103  6:04  Queen  
  105  6:13  Drone x3  
  105  6:16  Extractor  
  104  6:22  Drone x5, Evolution Chamber  
  104  6:24  Drone, Evolution Chamber  
  108  6:27  Drone  
  108  6:30  Drone x2  
  108  6:32  Drone x3  
  114  6:34  Overlord  
  108  6:49  Extractor, Drone  
  108  6:50  Extractor  
  108  6:52  Mutalisk  
  108  6:53  Mutalisk x7  
  117  6:56  Mutalisk  
  117  6:57  Mutalisk  
  121  7:02  Drone  
  121  7:03  Drone x7, Spore Crawler  
  121  7:05  Zerg Flyer Weapons Level 1  
  121  7:06  Overseer  
  128  7:14  Pneumatized Carapace  
  127  7:17  Hatchery  
  127  7:18  Zerg Melee Weapons Level 1  
  127  7:20  Drone x3  
  127  7:26  Zerg Ground Armor Level 1  
  127  7:27  Zergling x16  
  135  7:34  Overlord  
  135  7:36  Overlord  
  133  7:38  Zergling x6  
  133  7:39  Overlord x2  
  136  7:47  Centrifugal Hooks  
  136  7:49  Overlord  
  136  7:50  Hatchery  
  135  7:59  Zergling x4  
  135  8:00  Zergling x28  
  135  8:05  Drone x3  
  136  8:09  Mutalisk  
  130  8:13  Drone x2  
  130  8:14  Drone x2  
  130  8:16  Mutalisk  
  136  8:20  Mutalisk x2  
  136  8:24  Drone  
  136  8:25  Drone x5  
  136  8:26  Drone  
  146  8:28  Mutalisk x3  
  146  8:29  Drone  
  146  8:33  Drone  
  153  8:36  Drone  
  153  8:41  Hydralisk Den  
  153  8:42  Infestation Pit  
  153  8:45  Zergling x12  
  158  8:49  Overlord  
  158  8:55  Mutalisk x3  
  158  9:02  Drone x7  
  166  9:11  Muscular Augments  
  166  9:12  Zerg Missile Weapons Level 1  
  166  9:14  Overlord  
  166  9:16  Zergling x4  
  166  9:17  Zergling x16  
  174  9:25  Zerg Melee Weapons Level 2  
  174  9:36  Hatchery, Zergling x26  
  174  9:37  Zergling x2  
  182  9:42  Baneling x14  
  180  9:48  Hive  
  180  9:50  Zergling x10  
  180  9:51  Zergling x2  
  186  9:57  Baneling x5  
  186  9:59  Overlord  
  176  10:01  Hydralisk, Pathogen Glands  
  176  10:02  Zergling x8  
  182  10:09  Zergling x12  
  182  10:10  Zergling x6  
  182  10:13  Baneling x8  
  191  10:17  Drone x2  
  191  10:18  Drone  
  194  10:22  Grooved Spines, Zergling x12  
  194  10:23  Baneling  
  194  10:24  Baneling x6  
  199  10:32  Baneling x20  
  198  10:38  Overlord  
  198  10:39  Zergling x6  
  190  11:00  Viper x3  
  190  11:02  Hydralisk, Greater Spire, Zergling x2  
  190  11:03  Zergling x2  
  199  11:15  Extractor  
  199  11:17  Extractor  
  197  11:19  Drone x2  
  197  11:23  Spine Crawler  
  197  11:24  Spine Crawler  
  147  11:33  Hydralisk  
  147  11:34  Hydralisk x16, Zergling x24  
  147  11:38  Hydralisk, Zergling x6  
  198  11:44  Zerg Melee Weapons Level 3  
  198  11:45  Zerg Missile Weapons Level 2  
  198  11:49  Zergling x2  
  198  11:50  Baneling x3  
  199  11:54  Baneling x3  
  199  11:55  Baneling x4  
  199  11:59  Hydralisk  
  199  12:00  Zergling x24  
  198  12:03  Zergling x2  
  198  12:06  Baneling  
  198  12:07  Baneling x8  
  196  12:11  Zergling x12  
  192  12:19  Zergling x22  
  164  12:30  Hydralisk, Zergling x2  
  164  12:31  Zergling x14  
  149  12:42  Viper x2  
  153  12:45  Viper  
  153  12:49  Hatchery  
  155  12:54  Overseer  
  155  12:59  Drone x3  
  155  13:01  Extractor x2  
  156  13:09  Zergling x2  
  156  13:10  Zergling x10  
  156  13:12  Hatchery  
  160  13:25  Corruptor x7  
  172  13:27  Corruptor  
  172  13:32  Corruptor  
  168  13:42  Drone x2  
  168  13:43  Drone  
  168  13:47  Overseer  
  171  13:54  Hydralisk  
  171  13:55  Overseer, Zergling x4  
  175  14:13  Extractor  
  175  14:14  Drone  
  175  14:15  Drone  
  175  14:16  Brood Lord x7  
  190  14:22  Brood Lord  
  192  14:27  Brood Lord  
  194  14:32  Drone  
  194  14:35  Baneling x10  
  195  14:40  Baneling x6  
  195  14:42  Hatchery, Zergling x2  
  195  14:43  Zergling x10  
  200  14:52  Baneling x11  
  194  14:53  Baneling x5  
  194  14:54  Zergling x12  
  200  15:16  Overseer x2  
  200  15:22  Baneling x11  
  197  15:31  Hydralisk  
  197  15:32  Zergling x28  
  189  15:48  Overseer x2, Zergling x30  
  194  15:51  Hydralisk, Zergling x8  
  200  16:01  Baneling x11  
  198  16:14  Overseer x2  
  198  16:16  Zergling x4  
  198  16:21  Zerg Ground Armor Level 2  
  198  16:22  Zerg Missile Weapons Level 3, Ultralisk Cavern  
  194  16:30  Zergling x10  
  198  16:33  Drone  
  198  16:38  Hydralisk  
  198  16:39  Zergling x20  
  199  16:41  Neural Parasite  
  199  16:42  Burrow  
  200  16:47  Zerg Flyer Weapons Level 2  
  200  16:52  Overseer x2  
  200  16:54  Baneling  
  200  16:55  Baneling x44  
  200  16:56  Overlord  
  200  16:57  Overlord  
  200  16:58  Overlord  
  200  17:01  Overlord  
  200  17:05  Overlord  
  200  17:10  Overlord  
  191  17:20  Hydralisk  
  191  17:21  Zergling x28  
  200  17:30  Overseer  
  172  18:19  Hydralisk, Overseer  
  150  18:20  Zergling x66  
  150  18:22  Hydralisk, Zergling x2  
  174  18:28  Overseer x2  
  174  18:30  Hydralisk  
  174  18:31  Zergling x12  
  177  18:35  Hydralisk  
  177  18:36  Zergling x2  
  177  18:41  Zergling x2  
  177  18:42  Hydralisk  
  177  18:44  Hydralisk  
  177  18:45  Zergling x12  
  177  18:46  Hydralisk, Overseer  
  177  18:47  Zergling x2  
  188  18:52  Baneling x28, Hydralisk  
  188  18:53  Baneling x4, Zergling x8  
  188  18:54  Zergling x2  
  189  19:05  Infestor  
  189  19:06  Infestor x5  
  189  19:07  Infestor  
  189  19:08  Hydralisk  
  189  19:09  Zergling x4  
  197  19:12  Hydralisk  
  197  19:13  Zergling x8  
  197  19:14  Zergling x2  
  188  19:18  Hydralisk, Zergling x6  
  188  19:19  Drone, Zergling x2  
  188  19:20  Drone x3  
  184  19:26  Hydralisk  
  184  19:27  Zergling x6  
  178  19:34  Hydralisk  
  178  19:35  Zergling x8  
  169  19:41  Hydralisk x3  
  169  19:42  Zergling x6  
  169  19:43  Zergling x2  
  161  19:51  Zergling x12  
  161  19:52  Hydralisk, Zergling x2  
  164  19:57  Hydralisk x4  
  172  20:00  Baneling x11  
  172  20:01  Overseer  
  172  20:05  Hydralisk x2  
  172  20:12  Hydralisk x4  
  180  20:15  Zergling x2  
  180  20:16  Zergling x4  
  180  20:20  Baneling x10  
  183  20:25  Zergling x10  
  188  20:36  Zergling x2  
  188  20:37  Zergling x22  
  188  20:39  Baneling x9  

Tags
 
Add a new tag
Caveats
  • Supply blocks, unpowered buildings, or Contaminate may cause inaccurate times.
  • Supply counts are checked every 10 seconds.